 Dungeon Crawl Stone Soup version 0.29.1-13-g9f3cf754e1 (webtiles) character file.

Game seed: 7677429216739701800

70 Mickster the Cutter (level 4, -1/35 HPs)
             Began as a Human Monk on Feb 8, 2023.
             Slain by a goblin
             ... wielding a +0 dagger
             ... led by Robin
              (2 damage)
             ... on level 1 of the Dungeon.
             The game lasted 00:22:40 (1587 turns).

Mickster the Cutter (Human Monk)                    Turns: 1587, Time: 00:22:41

Health: -1/35      AC:  6    Str: 13    XL:     4   Next: 45%
Magic:  4/4        EV: 11    Int: 11    God:
Gold:   59         SH:  0    Dex: 15    Spells: 3/3 levels left

rFire   x . .      SeeInvis .   a - +1 short sword
rCold   + . .      Faith    .   (no shield)
rNeg    . . .      Spirit   .   e - +1 ring mail
rPois   .          Reflect  .   (no helmet)
rElec   .          Harm     .   (no cloak)
rCorr   .          Rampage  .   (no gloves)
Will    .....                   (no boots)
Stlth   ++........              (no amulet)
HPRegen 0.11/turn               h - ring of ice
MPRegen 0.09/turn               (no ring)

@: no status effects
A: no striking features
a: no special abilities


You were on level 1 of the Dungeon.
You visited 1 branch of the dungeon, and saw 2 of its levels.

You collected 59 gold pieces.

Inventory:

Hand Weapons
 a - a +1 short sword (weapon)
 d - a +0 whip
 i - a +1 sling of freezing
Missiles
 f - 13 stones (quivered)
Armour
 b - a +0 robe
 e - a +1 ring mail (worn)
Jewellery
 h - a ring of ice (left hand)
Scrolls
 g - a scroll of identify {unknown}
Potions
 c - a potion of ambrosia


   Skills:
 + Level 3.3 Fighting
 + Level 3.8 Short Blades
 + Level 0.6 Armour
 + Level 3.5 Dodging
 + Level 2.5 Stealth


You had 3 spell levels left.
You didn't know any spells.
Your spell library was empty.

Dungeon Overview and Level Annotations

Branches:
Dungeon (2/15)

Altars:

Shops:
D:1 !

Annotations:
D:2 Robin


Message History

i - a +1 sling of freezing The goblin hits you with a +0 dagger.
The goblin hits you but does no damage.
The frilled lizard bites you but does no damage.
Robin completely misses you.
The hobgoblin hits you but does no damage.
The goblin closely misses you. The goblin hits you with a +0 dagger.
The goblin hits you but does no damage. The goblin barely misses you.
The goblin closely misses you. The gnoll barely misses you.
The frilled lizard bites you but does no damage.
The hobgoblin barely misses you. The goblin hits you with a +0 dagger.
The goblin barely misses you. x2
You climb upwards.
There is a stone staircase leading down here.
You hit the goblin.
You kill the goblin!
The goblin misses you.
You hit the hobgoblin.
The hobgoblin is moderately wounded.
The hobgoblin closely misses you. The goblin hits you but does no damage.
The goblin hits you with a +0 dagger.
You hit the hobgoblin but do no damage.
The hobgoblin is moderately wounded.
The hobgoblin closely misses you. The goblin hits you with a +0 dagger.
* * * LOW HITPOINT WARNING * * *
The goblin hits you but does no damage.
You hit the hobgoblin.
You kill the hobgoblin!
The goblin completely misses you. The goblin barely misses you.
You hit the goblin.
You kill the goblin!
The goblin hits you with a +0 dagger.
* * * LOW HITPOINT WARNING * * *
You hit the goblin but do no damage. The goblin closely misses you.
The goblin hits you with a +0 dagger.
* * * LOW HITPOINT WARNING * * *
The goblin hits you with a +0 dagger.
* * * LOW HITPOINT WARNING * * *
You miss the goblin. The goblin hits you with a +0 dagger.
You die...

#################
#@g.............#
#gg############.##
#l.########...#.##
#.................
#.#####.........#.
#.# #.......###.
#.# #......## #.
#.# #......# ##
###.#####......#


You could see 3 goblins and a frilled lizard.

Vanquished Creatures
  An adder (D:1)
  A gnoll (D:1)
  A worm (D:2)
  3 dart slugs (D:1)
  A ball python (D:1)
  3 bats (D:1)
  2 endoplasms (D:1)
  A giant cockroach (D:1)
  4 hobgoblins (D:1)
  4 jackals (D:1)
  A kobold (D:1)
  A quokka (D:1)
  A frilled lizard (D:1)
  8 goblins
  9 rats
41 creatures vanquished.

Notes
Turn   | Place    | Note
-------+----------+-------------------------------------------
     0 | D:1      | Mickster the Human Monk began the quest for the Orb.
     0 | D:1      | Reached XP level 1. HP: 18/18 MP: 1/1
   164 | D:1      | Reached XP level 2. HP: 23/24 MP: 2/2
   268 | D:1      | Reached XP level 3. HP: 25/29 MP: 3/3
   385 | D:1      | Found Milo's Distillery.
  1315 | D:2      | Noticed Robin
  1407 | D:2      | Reached XP level 4. HP: 10/35 MP: 4/4
  1586 | D:1      | HP: 1/35 [goblin/+0 dagger[Robin] (2)]
  1587 | D:1      | Slain by a goblin

Illustrated notes

Levels and vault maps discovered:
D:1:      dpeg_arrival_arbitrary_a, layout_basic, serial_shops, shop,
          kennysheep_boxes
D:2:      layout_rooms, uniq_sigmund, uniq_robin

Action                   |  1- 3 |  4- 6 || total
-------------------------+-------+-------++-------
Melee: Short sword       |   153 |    36 ||   189
       Punch             |     1 |       ||     1
Throw: Stone             |     2 |       ||     2
  Use: Scroll            |     3 |     1 ||     4
       Potion            |     1 |     2 ||     3
 Stab: Sleeping          |     1 |       ||     1
Armor: Robe              |     3 |       ||     3
       Ring mail         |    52 |    38 ||    90
Dodge: Dodged            |   113 |    58 ||   171
